 Dungeon Crawl Stone Soup version 0.27-a0-25-g087482e4d5 (webtiles) character file.

Game seed: 17419137098203532207

112 Delamore the Shield-Bearer (level 4, -5/30 HPs)
             Began as a Gargoyle Fighter on Jan 3, 2021.
             Slain by a gnoll
             ... wielding a +0 flail
              (10 damage)
             ... on level 2 of the Dungeon.
             The game lasted 00:02:15 (2273 turns).

Delamore the Shield-Bearer (Gargoyle Fighter)       Turns: 2273, Time: 00:02:16

Health: -5/30      AC: 10    Str: 21    XL:     4   Next: 95%
Magic:  4/4        EV:  7    Int:  8    God:
Gold:   63         SH:  9    Dex:  9    Spells: 3/3 levels left

rFire    . . .     SeeInvis +   a - +0 flail
rCold    . . .     Faith    .   c - +0 kite shield
rNeg     + . .     Spirit   .   b - +0 scale mail
rPois    ∞         Reflect  .   (no helmet)
rElec    +         Harm     .   (no cloak)
rCorr    .         Rampage  .   (no gloves)
Will     .....                  (no boots)
Stlth    ..........             m - amulet of inaccuracy (curse)
HPRegen  0.10/turn              k - ring of see invisible
MPRegen  0.09/turn              (no ring)

@: no status effects
A: negative energy resistance 1, electricity resistance, unbreathing,
petrification resistance, miasma immunity, AC +3
a: no special abilities


You were on level 2 of the Dungeon.
You visited 1 branch of the dungeon, and saw 3 of its levels.

You collected 63 gold pieces.

Inventory:

Hand Weapons
 a - a +0 flail (weapon)
Armour
 b - a +0 scale mail (worn)
 c - a +0 kite shield (worn)
Jewellery
 k - a ring of see invisible (left hand)
 m - a cursed amulet of inaccuracy (around neck)
Scrolls
 i - a scroll of blinking
 j - a scroll of fog
 n - a scroll of enchant armour
Potions
 d - a potion of might
 e - a potion of degeneration {unknown}
 g - 2 potions of mutation {unknown}
 h - a potion of curing {unknown}
 l - a potion of ambrosia {unknown}


   Skills:
 + Level 4.3 Fighting
 + Level 3.2 Maces & Flails
 - Level 3.2 Armour
 + Level 4.4 Shields


You had 3 spell levels left.
You didn't know any spells.
Your spell library was empty.

Dungeon Overview and Level Annotations

Branches:
Dungeon (3/15)

Altars:


Innate Abilities, Weirdness & Mutations

You are resistant to torment.
Your stone body is resilient. (AC +3)
You are immune to poison.
You resist negative energy. (rN+)
You are resistant to electric shocks. (rElec)
You can survive without breathing.
You are immune to petrification.
You are immune to miasma.


Message History

You block the gnoll's attack. The orc barely misses you.
The gnoll closely misses you. The orc barely misses you.
You hit the gnoll.
The gnoll is moderately wounded.
The gnoll hits you with a +0 whip.
The gnoll hits you from afar with a +0 halberd.
You block the gnoll's attack. The orc closely misses you.
The gnoll hits you with a +0 whip. You block the gnoll's attack.
You are too injured to fight recklessly!
You are too injured to fight recklessly!
You are too injured to fight recklessly!
You are too injured to fight recklessly!
The gnoll barely misses you.
There is a stone staircase leading up here.
The gnoll hits you with a +0 flail!
* * * LOW HITPOINT WARNING * * *
You climb upwards.
There is a stone staircase leading down here.
You closely miss the gnoll. The gnoll hits you with a +0 flail!
You die...

#..## ##.).....## ##.##.#
##.## ##.....## ####.#
##...## ##...## #.#
##..<..## ##'## #.#
#.......# #.# #.# ##.....##
#.##### #.# ##...##
##.....# #.# ##.##
#####...##.# #.# #.#
#....@...#.# #.# #.#
#.###.g.##.########.#
#.#####.####..#...........#
#.........##..#..##########
#######.#........#
#.####..##.# #.# #.....####
#.####........#
###.......#####.#


You could see a gnoll.

Vanquished Creatures
  A gnoll (D:3)
  4 adders (D:2)
  2 worms (D:3)
  2 dart slugs
  An orc (D:2)
  3 giant cockroaches
  6 goblins
  6 hobgoblins
  A quokka (D:2)
  3 ball pythons
  9 bats
  6 frilled lizards
  11 kobolds
  6 rats
61 creatures vanquished.

Notes
Turn   | Place    | Note
-------+----------+-------------------------------------------
     0 | D:1      | Delamore the Gargoyle Fighter began the quest for the Orb.
     0 | D:1      | Reached XP level 1. HP: 14/14 MP: 1/1
     7 | D:1      | Noticed an electric eel
     7 | D:1      | Noticed an electric eel
    89 | D:1      | Reached XP level 2. HP: 12/19 MP: 2/2
   521 | D:1      | Reached XP level 3. HP: 24/24 MP: 3/3
  1089 | D:2      | Reached XP level 4. HP: 28/29 MP: 4/4
  2273 | D:2      | Slain by a gnoll

Illustrated notes

Levels and vault maps discovered:
D:1:      arrival_aquarium_b, layout_loops_ring
D:2:      layout_loops_corners
D:3:      layout_basic

Skill      XL: |  1  2  3  4 |
---------------+-------------+-----
Fighting       | 4 |  4.3
Shields        | 4 |  4.4
Maces & Flails | 3 |  3.2
Armour         | |  3.2

Action                   |  1- 3 |  4- 6 || total
-------------------------+-------+-------++-------
Melee: Flail             |   192 |   128 ||   320
  Use: Scroll            |       |     3 ||     3
Armor: Scale mail        |   128 |    61 ||   189
Dodge: Dodged            |    73 |    45 ||   118
Block: Kite shield       |   129 |    74 ||   203

Table legend: (Time is in decaauts)
 A = Elapsed time spent in this place.
 B = Non-inter-level travel time spent in this place.
 C = Inter-level travel time spent in this place.
 D = Time resting spent in this place.
 E = Time spent auto-exploring this place.
 F = Levels seen in this place.
 G = Mean time per level.
                   A        B        C        D        E       F      G
               +--------+--------+--------+--------+--------+-----+--------+
         Total |   2385 |   2350 |     35 |    186 |   1503 |   3 |  795.0 |
       Dungeon |   2385 |   2350 |     35 |    186 |   1503 |   3 |  795.0 |
               +--------+--------+--------+--------+--------+-----+--------+

Top non-repeatable levels by time:
     D:2: 1204 daAuts
     D:1: 886 daAuts
     D:3: 294 daAuts
